 Dungeon Crawl Stone Soup version 0.25-a0-110-ge29c8f2358 (webtiles) character file.

Game seed: 17638708461093287720, levelgen mode: deterministic

127 Leeroy the Slasher (level 4, -5/36 HPs)
             Began as a Draconian Skald on Nov 19, 2019.
             Was an Initiate of Vehumet.
             Killed by nerve-wracking pain
             ... invoked by Menkaure
              (14 damage)
             ... on level 4 of the Dungeon.
             The game lasted 00:04:30 (2008 turns).

Leeroy the Slasher (Draconian Skald)                Turns: 2008, Time: 00:04:30

Health: -5/36      AC:  5    Str: 14    XL:     4   Next: 85%
Magic:  4/7        EV: 12    Int: 18    God:    Vehumet [......]
Gold:   133        SH:  0    Dex: 11    Spells: 0/7 levels left

rFire    . . .     SeeInvis .   a - +0 falchion
rCold    . . .     Gourm    .   (no shield)
rNeg     . . .     Faith    .   (armour unavailable)
rPois    .         Spirit   .   (helmet restricted)
rElec    .         Reflect  .   (no cloak)
rCorr    .         Harm     .   (no gloves)
MR       .....                  (no boots)
Stlth    +.........             (no amulet)
HPRegen  0.12/turn              (no ring)
MPRegen  0.10/turn              (no ring)

@: brilliant
A: unfitting armour, cold-blooded, AC +5
a: Renounce Religion


You were on level 4 of the Dungeon.
You worshipped Vehumet.
Vehumet was noncommittal.
You were not hungry.

You visited 1 branch of the dungeon, and saw 4 of its levels.

You collected 133 gold pieces.

Inventory:

Hand Weapons
 a - a +0 falchion (weapon)
 t - a +2 dagger of venom
Missiles
 g - 101 stones
 q - 7 javelins (quivered)
Jewellery
 h - an uncursed ring of fire
Wands
 j - a wand of random effects (12)
Scrolls
 b - 3 scrolls of remove curse
 e - 4 scrolls of teleportation
 f - a scroll of noise {unknown}
 l - a scroll of magic mapping {unknown}
 n - 3 scrolls of immolation
 p - 3 scrolls of enchant armour
Potions
 d - a potion of heal wounds {unknown}
 i - a potion of haste {unknown}
 k - a potion of brilliance
 m - a potion of might {unknown}
 r - a potion of degeneration {unknown}
Comestibles
 c - 9 rations


   Skills:
 - Level 2.1 Fighting
 + Level 5.1 Long Blades
 - Level 2.1 Dodging
 - Level 2.0 Spellcasting
 - Level 2.6 Charms


You couldn't memorise any spells.
You knew the following spells:

 Your Spells              Type           Power        Failure   Level  Hunger
a - Infusion              Chrm           ###.         1%          1    #......
b - Spectral Weapon       Hex/Chrm       ###.....     3%          3    ###....
c - Regeneration          Chrm/Necr      ###.......   3%          3    ###....

Your spell library contained the following spells:

 Spells                   Type           Power        Failure   Level  Hunger
 Shroud of Golubria       Chrm/Tloc      ###...       1%          2    ###....
 Song of Slaying          Chrm           ###.....     1%          2    ###....


Dungeon Overview and Level Annotations

Branches:
Dungeon (4/15)
 Temple: D:4-7

Altars:
Elyvilon
Vehumet
Yredelemnul

Annotations:
D:4 Menkaure


Innate Abilities, Weirdness & Mutations

Your plain brown scales are hard. (AC +5)
You cannot fit into any form of body armour.
You are cold-blooded and may be slowed by cold attacks.


Message History

Menkaure seems to speed up.
You hit Menkaure.
Menkaure is lightly damaged.
Your spectral weapon barely misses Menkaure.
Menkaure calls on the powers of darkness!
Your body is wracked with pain!
* * * LOW HITPOINT WARNING * * *
It was a potion of brilliance.
You feel clever all of a sudden. Menkaure closely misses you.
You closely miss Menkaure.
Menkaure is lightly damaged.
Your spectral weapon hits Menkaure.
Menkaure hits you but does no damage.
Casting: Spectral Weapon (safe; 3% risk of failure)
Confirm with . or Enter, or press ? or * to list all spells.
Okay, then.
It was a potion of curing.
You feel better.
Menkaure points at you and mumbles some strange words.
Pain shoots through your body!
You die...

############## ###
## #............#
#.. ...
#.##########.###.#
#.. #.#.## #..>...
..#.###.## #####.#
..# ##.# #.#
..#.###)## #.# #..
#.#(## #.# #.
#.@M# #.#
#............. <.#
$..###...######
### # #####


You could see Menkaure and a friendly spectral +0 falchion.

Vanquished Creatures
  3 adders
  An ooze (D:1)
  2 worms
  3 dart slugs (D:1)
  2 leopard geckos
  4 orcs (D:3)
  3 ball pythons
  8 bats
  6 giant cockroaches
  12 goblins
  9 hobgoblins
  A jackal (D:1)
  4 kobolds
  3 quokkas (D:3)
  5 frilled lizards
  8 rats
74 creatures vanquished.

Notes
Turn   | Place    | Note
-------+----------+-------------------------------------------
     0 | D:1      | Leeroy the Draconian Skald began the quest for the Orb.
     0 | D:1      | Reached XP level 1. HP: 17/17 MP: 3/3
   151 | D:1      | Reached XP level 2. HP: 19/24 MP: 5/5
   183 | D:1      | Reached skill level 3 in Long Blades
   306 | D:1      | Reached XP level 3. HP: 24/29 MP: 6/6
   855 | D:2      | Reached skill level 4 in Long Blades
  1081 | D:2      | Reached XP level 4. HP: 25/36 MP: 7/7
  1196 | D:2      | You fall into a shaft and drop 1 floor!
  1196 | D:3      | Found a radiant altar of Vehumet.
  1297 | D:3      | Became a worshipper of Vehumet
  1534 | D:3      | Found a white marble altar of Elyvilon.
  1607 | D:3      | Learned a level 3 spell: Spectral Weapon
  1611 | D:3      | Learned a level 3 spell: Regeneration
  1671 | D:3      | Reached skill level 5 in Long Blades
  1878 | D:3      | Found a basalt altar of Yredelemnul.
  2000 | D:4      | Noticed Menkaure
  2008 | D:4      | Killed from afar by Menkaure

Levels and vault maps discovered:
D:1:      dpeg_arrival_rooms_with_view, layout_basic
D:2:      layout_loops_corners
D:3:      layout_basic, old_standard_altar, kennysheep_ying_yang
D:4:      layout_loops_ring, nicolae_overflow_hidden_temple, first_ration,
          portal_sewer_entry_e, uniq_menkaure

Skill      XL: |  1  2  3  4 |
---------------+-------------+-----
Long Blades    | 3 4 5 |  5.1
Fighting       | |  2.1
Dodging        | |  2.1
Spellcasting   | |  2.0
Charms         | |  2.6

Action                   |  1- 3 |  4- 6 || total
-------------------------+-------+-------++-------
Melee: Falchion          |   125 |    91 ||   216
       Tailslap          |    16 |    11 ||    27
 Cast: Spectral Weapon   |       |     1 ||     1
  Use: Scroll            |       |     5 ||     5
       Potion            |       |     2 ||     2
  Eat: Chunk             |     1 |     3 ||     4
Armor: Skin              |    41 |    36 ||    77
Dodge: Dodged            |   105 |    70 ||   175
       Rpst.: Falchion   |    24 |    24 ||    48

Table legend:
 A = Non-vault XP
 B = Vault XP
 C = Vault XP percentage of total XP
 D = Non-vault monster count
 E = Vault monster count
 F = Vault count percentage of total count
                 A         B        C        D         E       F
            +---------+---------+-------+---------+---------+-------
      Total |     178 |       4 |   2.2 |      72 |       2 |   2.7
            +---------+---------+-------+---------+---------+-------
        D:1 |      61 |       4 |   6.2 |      29 |       2 |   6.5
        D:2 |      37 |       0 |   0.0 |      15 |       0 |   0.0
        D:3 |      64 |       0 |   0.0 |      26 |       0 |   0.0
        D:4 |      16 |       0 |   0.0 |       2 |       0 |   0.0
            +---------+---------+-------+---------+---------+-------
